 Dungeon Crawl Stone Soup version 0.31-a0-569-g7ea453304b (webtiles) character file.

Game seed: 1359646318790124539

20 Ethylacetat the Ducker (level 2, 0/20 HPs)
             Began as an Octopode Gladiator on Aug 18, 2023.
             Succumbed to an adder's poison
             ... on level 2 of the Dungeon.
             The game lasted 00:01:12 (973 turns).

Ethylacetat the Ducker (Octopode Gladiator)          Turns: 973, Time: 00:01:13

Health: 0/20       AC:  1    Str: 13    XL:     2   Next: 79%
Magic:  2/2        EV: 14    Int: 10    God:
Gold:   7          SH:  0    Dex: 13    Spells: 1/1 levels left

rFire   . .          .
                       - Unarmed
rCold   . . .        (no shield)
rNeg    . . .        a - +0 hat
rPois   .            (no amulet)
rElec   .            (no ring)
rCorr   .            (no ring)
SInv    .            (no ring)
Will    .....        (no ring)
Stlth   ++           (no ring)
HPRegen 0.23/turn    (no ring)
MPRegen 0.08/turn    (no ring)
                     (no ring)

%: no passive effects
@: lethally poisoned (0 -> -1)
A: almost no armour, amphibious, 8 rings, camouflage 1, gelatinous body 1,
(nimble swimmer 1), tentacles
a: no special abilities


You were on level 2 of the Dungeon.
You visited 1 branch of the dungeon, and saw 2 of its levels.

You collected 7 gold pieces.

Inventory:

Missiles
 b - 3 throwing nets (quivered)
 c - a javelin
Armour
 a - a +0 hat (worn)
Jewellery
 e - a +6 ring of intelligence
Scrolls
 d - a scroll of identify {unknown}


   Skills:
 + Level 2.4 Fighting
 - Level 2.0 Throwing
 + Level 3.3 Dodging
 + Level 3.3 Unarmed Combat


You had one spell level left.
You didn't know any spells.
Your spell library was empty.

Dungeon Overview and Level Annotations

Branches:
Dungeon (2/15)

Altars:


Innate Abilities, Weirdness & Mutations

You cannot wear most types of armour.
You are amphibious.
You can wear up to eight rings at the same time.
Your skin changes colour to match your surroundings (Stealth+).
Your rubbery body absorbs attacks. (AC +1, EV +1)
((You are camouflaged when in or above water. (Stealth+)))
You have tentacles for arms and can constrict up to eight enemies at once.


Message History

A worm comes into view.
An adder comes into view.
Found a stone staircase leading up.
The adder hisses angrily.
There are monsters nearby!
There are monsters nearby!
You miss the adder. You grab the adder. You constrict the adder.
The adder barely misses you. The adder misses you.
You tentacle-slap the adder but do no damage.
You squeeze the adder.
The adder is moderately wounded.
You constrict the adder. The adder bites you.
You tentacle-slap the adder but do no damage.
You squeeze the adder.
The adder is almost dead.
You constrict the adder. The adder bites you.
You are poisoned.
The adder poisons you! The worm barely misses you.
You tentacle-slap the adder.
You kill the adder!
You feel sick.
You tentacle-slap the worm. You grab the worm. You squeeze the worm!
The worm is heavily wounded.
You constrict the worm. The worm bites you!
Ouch! That really hurt!
* * * LOW HITPOINT WARNING * * *
You are too injured to fight recklessly!
You are too injured to fight recklessly!
You are too injured to fight recklessly!
You aren't carrying any potions.
You aren't carrying any potions.
You tentacle-slap the worm. You squeeze the worm.
You kill the worm!
* * * LOW HITPOINT WARNING * * *
You feel sick.
* * * LOW HITPOINT WARNING * * *
You feel sick.
There is an escape hatch in the floor here.
You see here a worm corpse.
You die...

..# .#. # ##
#.###.#..# #.
...#.....# #.
#..#..#.##
##.##........ #
.....##... ...
#.##.##.####...#
#.#.........#
#.<....@>...#
###.........#
...........#...#
.<..........#
#..
#####.......# #
#.......#
#########


There were no monsters in sight!

Vanquished Creatures
  An adder (D:2)
  A worm (D:2)
  A bat (D:1)
  An endoplasm (D:1)
  A goblin (D:1)
  A hobgoblin (D:1)
  2 ball pythons (D:1)
  A rat (D:1)
9 creatures vanquished.

Notes
Turn   | Place    | Note
-------+----------+-------------------------------------------
     0 | D:1      | Ethylacetat the Octopode Gladiator began the quest for the
                  | Orb.
     0 | D:1      | Reached XP level 1. HP: 14/14 MP: 1/1
   271 | D:1      | Reached XP level 2. HP: 19/19 MP: 2/2
   972 | D:2      | HP: 1/20 [poisoned by an adder]
   973 | D:2      | Succumbed to an adder's poison

Illustrated notes

Levels and vault maps discovered:
D:1:      dpeg_arrival_connections, layout_basic, ebering_dispersal_statue_hall,
          chequers_serial_rivers_small_b, nicolae_titane
D:2:      layout_loops_cross

Action                     || total
---------------------------++-------
  Melee: Unarmed           ||    18
         Constrict         ||     6
         Tentacles         ||     6
         Punch             ||     1
   Stab: Sleeping          ||     2
 Armour: Skin              ||     3
  Dodge: Dodged            ||     9

Table legend: (Time is in decaauts)
 A = Elapsed time spent in this place.
 B = Non-inter-level travel time spent in this place.
 C = Inter-level travel time spent in this place.
 D = Time resting spent in this place.
 E = Time spent auto-exploring this place.
 F = Levels seen in this place.
 G = Mean time per level.
                   A        B        C        D        E       F      G
               +--------+--------+--------+--------+--------+-----+--------+
         Total |    971 |    904 |     67 |      0 |    846 |   2 |  485.5 |
       Dungeon |    971 |    904 |     67 |      0 |    846 |   2 |  485.5 |
               +--------+--------+--------+--------+--------+-----+--------+

Top non-repeatable levels by time:
     D:1: 958 daAuts
     D:2: 13 daAuts
